cohdb
Replays
Latest Replays
All Replays
Popular Replays
Top Player Replays
Match Explorer
How It Works
Community
CoH3 Stats
Reddit
Sign in to upload your games and track your stats! →
Sign in with Steam
Match 46818263
Unlisted
Match 46818263
Overview
Messages
Build Orders
End
Construct Infanterie Kompanie
Selects Breakthrough Battlegroup
Selects Assault Grenadiers
Sniper
Grenadier Squad
Medical Station
Grenadier Squad
Selects 2.5-tonne Cargo Truck
2.5-tonne Cargo Truck
Construct Panzergrenadier Kompanie
Pak 40 Anti-tank Gun Team
Support Elements
Nebelwerfer 42 Rocket Launcher Team
Selects Blitzkrieg
Foxy Guy
Shooty1819
MrAdam
Wald
Cat
⁴²CPAKAPAKAMETAMФETAНАЛ
0
0
Comments
sign in to comment!
No comments posted yet!